 Dungeon Crawl Stone Soup version 0.31.0-12-g77e489cdc1 (webtiles) character file.

Game seed: 12467215339344873105

5065 hawla the Protected (level 10, 0/78 HPs)
             Began as a Minotaur Fighter on Feb 17, 2024.
             Was an Initiate of Yredelemnul.
             Killed by divine providence
             ... invoked by a smoke demon
             ... summoned by an orc high priest
              (13 damage)
             ... in a bailey.
             The game lasted 00:16:50 (7414 turns).

hawla the Protected (Minotaur Fighter)              Turns: 7414, Time: 00:16:52

Health: 0/78       AC:  3    Str: 25    XL:     10   Next: 31%
Magic:  5/15       EV: 12    Int:  5    God:    Yredelemnul [......]
Gold:   240        SH:  5    Dex: 10    Spells: 9/9 levels left

rFire   . . .        a - +2 war axe
rCold   . . .        c - +0 buckler
rNeg    + . .        r - +2 scale mail {rN+}
rPois   .            (helmet restricted)
rElec   .            p - +0 cloak
rCorr   .            y - +0 pair of gloves
SInv    .            f - +0 pair of boots
Will    .....        (no amulet) Stlth
                     (no ring)
HPRegen 0.33/turn    (no ring)
MPRegen 0.14/turn

%: no passive effects
@: corroded
A: horns 2, retaliatory headbutt
a: Renounce Religion, Recall Undead Harvest


You were in a bailey.
You worshipped Yredelemnul.
Yredelemnul was aware of your devotion.
You visited 2 branches of the dungeon, and saw 9 of its levels.
You also visited: Bailey.

You collected 307 gold pieces.
You spent 67 gold pieces at shops.

Inventory:

Hand Weapons
 a - a +2 war axe (weapon)
Missiles
 i - 11 poisoned darts (quivered)
 l - 3 curare-tipped darts
 E - a throwing net
Armour
 c - a +0 buckler (worn)
 f - a +0 pair of boots (worn)
 p - a +0 cloak (worn)
 r - a +2 scale mail of positive energy (worn)
 y - a +0 pair of gloves (worn)
Jewellery
 b - a +4 ring of slaying
 A - a ring of flight
 C - an amulet of guardian spirit
Wands
 k - a wand of digging (10)
 t - a wand of acid (5)
Scrolls
 h - 2 scrolls of immolation
 j - a scroll of poison
Potions
 d - 2 potions of might
 e - 3 potions of brilliance
 m - 2 potions of heal wounds
 n - 4 potions of mutation {unknown}
 o - 2 potions of haste {unknown}
 q - 2 potions of resistance {unknown}
 s - a potion of degeneration {unknown}
 w - a potion of attraction {unknown}
 x - 2 potions of curing {unknown}
 z - 2 potions of enlightenment {unknown}


   Skills:
 - Level 4.0 Fighting
 - Level 2.4 Axes
 - Level 6.0 Throwing
 - Level 10.0 Armour
 - Level 7.0 Dodging
 - Level 5.0 Shields
 + Level 8.5 Invocations
 - Level 3.0 Evocations


You had 9 spell levels left.
You didn't know any spells.
Your spell library was empty.

Dungeon Overview and Level Annotations

Branches:
Dungeon (8/15)             Temple (1/1) D:4          Bailey (1/1)
   Lair: D:8-11

Altars:
Ashenzari
Cheibriados
Dithmenos
Elyvilon
Fedhas
Gozag
Hepliaklqana
Kikubaaqudgha
Makhleb
Nemelex Xobeh
Okawaru
Qazlal
Ru
Sif Muna
Trog
Uskayaw
Vehumet
Wu Jian
Xom
Yredelemnul
Zin
The Shining One

Shops:
D:2 (   D:6 [

Annotations:
D:8 1 runed translucent door, Arcanopteryx's ghost, novice TeFi


Innate Abilities, Weirdness & Mutations

You have a pair of horns on your head.
You reflexively headbutt those who attack you in melee.


Message History

The bolt of acid misses the neqoxec.
The bolt of acid misses the orc warrior.
The orc high priest hits your orc warrior zombie with a +0 battleaxe!
Your orc warrior zombie is destroyed!
The orc high priest calls upon Beogh to heal the orc warrior.
The orc warrior is healed somewhat.
The rust devil hits you. The rust devil corrodes you!
Unknown command.
Something appears at your feet! The rust devil hits you.
The rust devil corrodes you! The smoke demon gestures at you.
The ball of steam hits the rust devil.
The rust devil resists.
The ball of steam hits you!!
* * * LOW HITPOINT WARNING * * *
Unknown command.
The orc high priest is engulfed in a cloud of scalding steam.
The orc high priest invokes the aid of Beogh against you.
Beogh smites you!
* * * LOW HITPOINT WARNING * * *
The rust devil barely misses you. What are your orders? t - Shout!
Orders for allies: a - Attack new target. p - Attack previous target. r - Retreat! s - Stop attacking. g - Guard the area. f - Follow me.
Anything else - Cancel.
Okay, then.
You feel much better.
You are engulfed in a cloud of scalding steam.
The orc warrior is no longer covered in acid.
The orc high priest invokes the aid of Beogh against you.
Beogh smites you!
* * * LOW HITPOINT WARNING * * *
The rust devil hits you.
* * * LOW HITPOINT WARNING * * *
The rust devil corrodes you! The smoke demon gestures at you. Beogh smites you!
You die...
Your body rises from the dead as a mindless zombie.

≈≈≈≈≈≈≈≈≈≈≈≈≈≈≈≈≈≈≈≈≈≈≈≈
≈≈≈≈≈≈≈≈≈≈≈≈≈≈≈≈≈≈≈≈≈≈≈≈
≈≈≈≈≈≈≈≈≈≈≈≈≈≈≈≈≈≈≈≈≈≈≈
≈≈≈≈≈≈≈≈≈≈≈≈≈≈≈≈≈≈≈≈≈≈≈≈≈
######~~~~~§§~~~)######≈≈≈≈
#.'........§§Z..)...'.#≈≈≈≈
###..######.######..###≈≈≈≈
#....#)).#§.§#.[[#....#≈≈≈≈
#....#)).#@§.#.[[#..).#≈≈≈≈
#+#)##+###848###+##)#'#≈≈≈≈
#))# #o3o# #))#.~≈≈≈≈ #))#
#838# #..#.~≈≈≈≈ #..# #3oo#
#..#.~≈≈≈≈ #..# #.4.#
#..#.~≈≈≈≈ #..# ##'##
#..#.~≈≈≈≈ ##)# ...
#'##.~≈≈≈≈ #..# ._.
#))#.~≈≈≈≈


You could see 2 orc high priests, an ice devil (summoned), a rust devil
(summoned), a smoke demon (summoned, corroded), 2 neqoxecs and 2 orc warriors.

Vanquished Creatures
  Sigmund (D:3)
  A wyvern (D:8)
  3 vampire mosquitoes (D:7)
  2 water moccasins
  13 orc warriors
  3 ice beasts
  2 black bears
  An ogre (D:6)
  A wolf (D:6)
  A centaur (D:7)
  3 phantoms
  2 bullfrogs
  A gnoll sergeant (D:6)
  4 wights (D:7)
  7 electric eels
  2 bombardier beetles (D:5)
  6 hounds
  2 jellies
  A gnoll bouda (D:6)
  An orc priest (D:4)
  2 sleepcaps
  Crazy Yiuf (D:3)
  2 iguanas (D:6)
  Natasha (thrice) (D:3)
  An orc wizard (D:6)
  Terence (D:2)
  8 gnolls
  5 adders
  A shadow imp (D:7)
  2 ufetubi (D:6)
  6 dart slugs
  A ribbon worm (D:4)
  12 orcs
  5 endoplasms
  4 giant cockroaches
  17 goblins
  18 hobgoblins
  9 jackals
  5 quokkas
  9 ball pythons
  10 bats
  3 frilled lizards
  12 kobolds
  8 rats
202 creatures vanquished.

Vanquished Creatures (collateral kills)
  An ice beast (D:7)
  An ogre (D:6)
  An orc warrior (Bailey)
  A howler monkey (D:6)
  A hound (D:6)
  A gnoll bouda (D:6)
  A sleepcap (D:6)
  An orc wizard (D:7)
  4 gnolls (D:6)
  A white imp (D:7)
  3 orcs
16 creatures vanquished.

Vanquished Creatures (others)
  A bullfrog zombie (D:7)
  2 hound zombies (D:6)
  7 orc zombies (Bailey)
  2 adder zombies (D:6)
  An iguana zombie (D:6)
  3 gnoll zombies (D:6)
  5 goblin zombies
  4 hobgoblin zombies (Bailey)
  A jackal zombie (D:6)
  A kobold zombie (D:8)
27 creatures vanquished.

Grand Total: 245 creatures vanquished

Notes
Turn   | Place    | Note
-------+----------+-------------------------------------------
     0 | D:1      | hawla the Minotaur Fighter began the quest for the Orb.
     0 | D:1      | Reached XP level 1. HP: 19/19 MP: 0/0
   140 | D:1      | Reached XP level 2. HP: 27/27 MP: 1/1
   373 | D:1      | Reached XP level 3. HP: 30/33 MP: 2/2
   377 | D:1      | Reached skill level 5 in Shields
   662 | D:1      | Reached skill level 1 in Dodging
   792 | D:2      | Noticed Terence
   805 | D:2      | Killed Terence
   806 | D:2      | Reached XP level 4. HP: 39/40 MP: 3/3
   917 | D:2      | Found Bunuvets's Weapon Emporium.
  1315 | D:3      | Noticed Sigmund
  1339 | D:3      | Killed Sigmund
  1340 | D:3      | Reached skill level 5 in Dodging
  1340 | D:3      | Reached XP level 5. HP: 17/46 MP: 4/4
  1340 | D:3      | Reached XP level 6. HP: 19/52 MP: 5/5
  1633 | D:3      | Noticed Natasha
  1637 | D:3      | Killed Natasha
  1654 | D:3      | Noticed Natasha
  1657 | D:3      | Killed Natasha
  1709 | D:3      | Found a sparkling altar of Nemelex Xobeh.
  2151 | D:3      | Noticed Natasha
  2166 | D:3      | Killed Natasha
  2303 | D:3      | Found a runed translucent door.
  2304 | D:3      | Noticed Crazy Yiuf
  2311 | D:3      | Killed Crazy Yiuf
  2691 | D:4      | Reached skill level 1 in Evocations
  2695 | D:4      | Found a staircase to the Ecumenical Temple.
  2704 | D:4      | Reached XP level 7. HP: 59/59 MP: 6/6
  2716 | Temple   | Entered the Ecumenical Temple
  2740 | Temple   | Became a worshipper of Yredelemnul the Dark
  3039 | D:5      | Entered Level 5 of the Dungeon
  3283 | D:5      | Reached XP level 8. HP: 60/66 MP: 7/7
  3585 | D:5      | Reached skill level 5 in Throwing
  3959 | D:6      | Reached * piety under Yredelemnul
  3962 | D:6      | Reached skill level 4 in Armour
  3962 | D:6      | Reached skill level 1 in Invocations
  4010 | D:6      | Reached ** piety under Yredelemnul
  4091 | D:6      | Found Sopsag's Armour Shoppe.
  4108 | D:6      | Bought a +0 pair of gloves for 67 gold pieces
  4176 | D:6      | Reached skill level 5 in Armour
  4513 | D:6      | Reached skill level 6 in Armour
  4720 | D:6      | Reached XP level 9. HP: 19/71 MP: 10/10
  5089 | D:6      | Reached *** piety under Yredelemnul
  5168 | D:7      | Reached skill level 7 in Armour
  5265 | D:7      | Reached skill level 5 in Invocations
  5542 | D:7      | Reached skill level 8 in Armour
  5970 | D:7      | Reached skill level 9 in Armour
  6388 | D:8      | Found a runed translucent door.
  6393 | D:8      | Noticed Arcanopteryx's ghost (novice TeFi)
  6430 | D:8      | Found a flagged portal.
  6441 | Bailey   | Entered a bailey
  6658 | Bailey   | Reached XP level 10. HP: 37/78 MP: 14/14
  6966 | Bailey   | Reached skill level 10 in Armour
  7396 | Bailey   | Found an iron altar of Okawaru.
  7396 | Bailey   | Noticed an orc high priest
  7397 | Bailey   | Noticed an orc high priest
  7400 | Bailey   | Noticed a rust devil
  7408 | Bailey   | Noticed a smoke demon
  7410 | Bailey   | Noticed a rust devil
  7412 | Bailey   | Acquired the +3 pair of mountain boots {steadfast, rC+}
  7412 | Bailey   | Found the +3 pair of mountain boots {steadfast, rC+}
  7414 | Bailey   | Killed from afar by a smoke demon

Illustrated notes

Levels and vault maps discovered:
D:1:      beargit_arrival_greenhouse, layout_basic, glass_columns_c,
          corexii_item_surrounded_by_moat, hex_intersection, st_stairs_10,
          chequers_serial_rivers_room_a
D:2:      layout_rooms, serial_shops, nicolae_shop_stone, uniq_terence
D:3:      layout_basic, mainiacjoe_overflow_paths, st_stairs_6, uniq_natasha,
          uniq_crazy_yiuf_cottage, uniq_sigmund
D:4:      layout_basic, temple_fountains
D:5:      layout_basic
D:6:      layout_cave_pools, serial_gnoll_camp, gnoll_camp_mini_hut,
          gnoll_camp_mini_shop, gnoll_camp_mini_basic,
          gnoll_camp_mini_loothouse, gnoll_camp_mini_hut,
          gnoll_camp_mini_doghouse, serial_bayou_lake_a
D:7:      layout_cave_pods
D:8:      layout_rooms, hellmonk_ghost_big_iron, enter_bailey_3,
          kennysheep_generic_room_13
Temple:   mainiacjoe_temple_trianglar_array
Bailey:   bailey_axe_of_yendor_kennysheep, bailey

Skill      XL: |  1  2  3  4  5  6  7  8  9 10 |
---------------+-------------------------------+-----
Fighting       | 4 |  4.0
Shields        | 4 5 |  5.0
Dodging        | 2 5 7 |  7.0
Evocations     | 1 3 |  3.0
Throwing       | 4 6 |  6.0
Armour         | 6 9 10 | 10.0
Invocations    | 3 7 8 |  8.5
Axes           | |  2.4

Action                     |  1- 3 |  4- 6 |  7- 9 | 10-12 || total
---------------------------+-------+-------+-------+-------++-------
  Melee: War axe           |    65 |   140 |   274 |    55 ||   534
         Headbutt          |    10 |    22 |    43 |    15 ||    90
  Throw: Dart              |       |       |     1 |       ||     1
 Invoke: Recall Undead Har |       |       |       |     1 ||     1
  Evoke: Wand              |       |       |    10 |    11 ||    21
    Use: Scroll            |       |     8 |     5 |     1 ||    14
         Potion            |       |     2 |     1 |     1 ||     4
   Stab: Paralysed         |       |       |     7 |       ||     7
         Distracted        |       |       |     3 |       ||     3
 Armour: Scale mail        |    59 |    90 |   265 |    65 ||   479
  Dodge: Dodged            |    48 |    74 |   217 |    41 ||   380
  Block: Buckler           |    21 |    40 |    89 |    25 ||   175
